 Dungeon Crawl Stone Soup version 0.25-a0-2-g6559c6c67a (webtiles) character file.

Game seed: 5866830638666179313, levelgen mode: deterministic

1428 Kohma the Slinger (level 9, -14/57 HPs)
             Began as a Halfling Hunter on Oct 14, 2019.
             Demolished by an orc warrior
             ... wielding a +1 vampiric halberd
              (16 damage)
             ... on level 6 of the Dungeon.
             The game lasted 00:20:31 (6705 turns).

Kohma the Slinger (Halfling Hunter)                 Turns: 6705, Time: 00:20:31

Health: -14/57     AC: 10    Str: 13    XL:     9   Next: 3%
Magic:  9/9        EV: 14    Int: 12    God:
Gold:   252        SH:  0    Dex: 18    Spells: 8/8 levels left

rFire    . . .     SeeInvis .   a - +1 hunting sling
rCold    . . .     Gourm    .   (shield restricted)
rNeg     . . .     Faith    .   p - +0 scale mail
rPois    .         Spirit   .   r - +1 helmet {Int+3}
rElec    .         Reflect  .   (no cloak)
rCorr    .         Harm     .   c - +0 pair of gloves
MR       .....                  (no boots)
Stlth    +.........             (no amulet)
HPRegen  0.19/turn              (no ring)
MPRegen  0.11/turn              (no ring)

@: about to teleport
A: small, mutation resistance 1
a: no special abilities


You were on level 6 of the Dungeon.
You were not hungry.

You visited 2 branches of the dungeon, and saw 7 of its levels.

You collected 252 gold pieces.

Inventory:

Hand Weapons
 a - a +1 hunting sling (weapon)
 b - a +2 whip of venom
Missiles
 d - 41 sling bullets (quivered)
 k - 19 poisoned darts
 v - 20 stones
Armour
 c - a +0 pair of gloves (worn)
 p - a +0 scale mail (worn)
 r - a +1 helmet of intelligence (worn)
Jewellery
 u - a +5 amulet of reflection {unknown}
 C - an uncursed amulet of rage {unknown}
Wands
 g - a wand of digging (5)
 j - a wand of random effects (16)
 o - a wand of flame (6)
Scrolls
 i - a scroll of amnesia
 y - a scroll of blinking
Potions
 h - a potion of mutation {unknown}
 l - 4 potions of curing
 m - a potion of heal wounds {unknown}
 n - a potion of cancellation
 q - a potion of lignification {unknown}
 s - a potion of might
 t - a potion of resistance
 w - a potion of ambrosia
 x - 3 potions of brilliance {unknown}
 A - a potion of haste {unknown}
 B - a potion of magic {unknown}
Comestibles
 f - 9 rations


   Skills:
 + Level 3.5 Fighting
 - Level 12.1 Slings
 * Level 5.2 Armour
 + Level 4.3 Dodging
 - Level 1.1 Stealth


You had 8 spell levels left.
You didn't know any spells.
Your spell library was empty.

Dungeon Overview and Level Annotations

Branches:
Dungeon (6/15)             Temple (1/1) D:6

Altars:
Ashenzari
Cheibriados
Dithmenos
Elyvilon
Fedhas
Hepliaklqana
Kikubaaqudgha
Nemelex Xobeh
Okawaru
Qazlal
Ru
Sif Muna
Trog
Uskayaw
Vehumet
Wu Jian
Yredelemnul
Zin

Annotations:
D:4 3 runed translucent doors, Dragonoix's ghost, amateur DrTm
D:6 Grinder


Innate Abilities, Weirdness & Mutations

You are small and have problems with some larger weapons.
You are somewhat resistant to further mutation.


Message History

The orc warrior hits you but does no damage.
Firing (i - inventory. (/) - cycle)
d - 43 sling bullets (quivered)
Press: ? - help, Shift-Dir - straight line, f/p - orc warrior
Aim: an orc warrior, wielding a +1 vampiric halberd and wearing a +0 plate armour (moderately wounded)
You shoot a sling bullet.
The sling bullet hits the orc warrior but does no damage.
The orc warrior is moderately wounded.
Firing (i - inventory. (/) - cycle)
d - 42 sling bullets (quivered)
Press: ? - help, Shift-Dir - straight line, f/p - orc warrior
Aim: an orc warrior, wielding a +1 vampiric halberd and wearing a +0 plate armour (moderately wounded)
You shoot a sling bullet. The sling bullet hits the orc warrior.
The orc warrior is heavily wounded.
The orc warrior hits you from afar with a +1 vampiric halberd.
* * * LOW HITPOINT WARNING * * *
The orc warrior draws strength from your wounds!
Grinder blinks!
As you read the scroll of teleportation, it crumbles to dust.
You feel strangely unstable.
The orc warrior hits you from afar with a +1 vampiric halberd!
You die...

#.....### #.....#..
#.....#.. #.....#..
#........ #........
#....... ###
#....... #@##
#....... ##(##
#....... ##o##
#....... ##)##
#.......
###(#####.......
###<[......>......
#...[..ยง.....)....
########(.........
#..........


You could see an orc warrior.

Vanquished Creatures
  Duvessa (D:6)
  An orc warrior (D:4)
  2 ogres
  A phantom (D:4)
  2 centaurs
  Dowan (D:6)
  3 wights (D:6)
  2 hounds (D:6)
  3 orc priests
  5 orc wizards
  A worker ant (D:6)
  2 hound skeletons
  Robin (D:3)
  3 gnolls (D:3)
  10 adders
  A shadow imp (D:5)
  An ooze (D:3)
  2 worms
  4 dart slugs
  2 leopard geckos
  26 orcs
  11 bats
  6 giant cockroaches
  15 goblins
  6 hobgoblins
  14 jackals
  3 quokkas
  9 frilled lizards
  A jackal zombie (D:5)
  7 kobolds
  A leopard gecko skeleton (D:4)
  2 quokka skeletons (D:4)
  9 rats
158 creatures vanquished.

Notes
Turn   | Place    | Note
-------+----------+-------------------------------------------
     0 | D:1      | Kohma the Halfling Hunter began the quest for the Orb.
     0 | D:1      | Reached XP level 1. HP: 14/14 MP: 1/1
    27 | D:1      | Reached skill level 6 in Slings
    48 | D:1      | Reached XP level 2. HP: 2/19 MP: 2/2
   689 | D:1      | Reached skill level 7 in Slings
   689 | D:1      | Reached XP level 3. HP: 24/24 MP: 3/3
  1373 | D:2      | Reached XP level 4. HP: 29/29 MP: 4/4
  1608 | D:2      | Reached skill level 8 in Slings
  2106 | D:3      | Reached XP level 5. HP: 29/34 MP: 5/5
  2166 | D:3      | Reached skill level 9 in Slings
  2210 | D:3      | Noticed Robin
  2225 | D:3      | Killed Robin
  2832 | D:3      | Reached XP level 6. HP: 20/39 MP: 6/6
  2860 | D:3      | Reached skill level 10 in Slings
  3294 | D:4      | Noticed a phantom
  3320 | D:4      | Killed a phantom
  3320 | D:4      | Reached skill level 11 in Slings
  3320 | D:4      | Reached XP level 7. HP: 39/44 MP: 7/7
  3438 | D:4      | Found a runed translucent gate.
  3438 | D:4      | Found a runed translucent gate.
  3438 | D:4      | Found a runed translucent gate.
  3439 | D:4      | Noticed Dragonoix's ghost (amateur DrTm)
  4286 | D:4      | Reached skill level 12 in Slings
  4450 | D:4      | Reached skill level 1 in Armour
  4696 | D:5      | Entered Level 5 of the Dungeon
  4754 | D:5      | Reached XP level 8. HP: 50/50 MP: 8/8
  5757 | D:6      | Noticed Duvessa
  5757 | D:6      | Noticed Dowan
  5782 | D:6      | Killed Duvessa
  5785 | D:6      | Killed Dowan
  5922 | D:6      | Found a staircase to the Ecumenical Temple.
  5939 | Temple   | Entered the Ecumenical Temple
  6495 | D:6      | Reached skill level 5 in Armour
  6499 | D:6      | Reached XP level 9. HP: 55/57 MP: 9/9
  6653 | D:6      | Noticed Grinder
  6704 | D:6      | HP: 2/57 [orc warrior/+1 vampiric halberd (5)]
  6705 | D:6      | Demolished by an orc warrior

Levels and vault maps discovered:
D:1:      giann_bridges, layout_basic, st_stairs_13
D:2:      layout_loops_cross, first_ration
D:3:      layout_basic, uniq_robin
D:4:      layout_rooms, gammafunk_ghost_necromancy
D:5:      layout_basic
D:6:      layout_basic, minmay_temple_entry_statues, uniq_grinder, uniq_duvessa
Temple:   eino_narrow_crystal_temple

Skill      XL: |  1  2  3  4  5  6  7  8 |
---------------+-------------------------+-----
Slings         | 6 7 8 9 11 12 | 12.1
Fighting       | 2 3 |  3.5
Armour         | 2 5 |  5.2
Dodging        | 4 |  4.3
Stealth        | |  1.1

Action                   |  1- 3 |  4- 6 |  7- 9 || total
-------------------------+-------+-------+-------++-------
 Fire: Hunting sling     |   111 |   280 |   311 ||   702
  Use: Scroll            |       |       |    16 ||    16
       Potion            |       |       |     1 ||     1
  Eat: Chunk             |     1 |     6 |     6 ||    13
       Ration            |       |       |     1 ||     1
Armor: Leather armour    |     4 |     2 |       ||     6
       Scale mail        |       |    43 |    40 ||    83
Dodge: Dodged            |    30 |   102 |    71 ||   203

Table legend:
 A = Non-vault XP
 B = Vault XP
 C = Vault XP percentage of total XP
 D = Non-vault monster count
 E = Vault monster count
 F = Vault count percentage of total count
                 A         B        C        D         E       F
            +---------+---------+-------+---------+---------+-------
      Total |    1793 |     248 |  12.2 |     147 |      11 |   7.0
            +---------+---------+-------+---------+---------+-------
        D:1 |      41 |       2 |   4.7 |      25 |       1 |   3.8
        D:2 |      61 |       0 |   0.0 |      26 |       0 |   0.0
        D:3 |     222 |      26 |  10.5 |      28 |       8 |  22.2
        D:4 |     609 |       0 |   0.0 |      23 |       0 |   0.0
        D:5 |     480 |       0 |   0.0 |      23 |       0 |   0.0
        D:6 |     380 |     220 |  36.7 |      22 |       2 |   8.3
            +---------+---------+-------+---------+---------+-------
